[Event "January 9 Late 2024"]
[Site "https://www.chess.com"]
[Date "2024.01.09"]
[Round "1"]
[White "Nagare Kaivalya Sandip"]
[Black "Stanojevic, Ilija"]
[Result "1-0"]
[Board "130"]
[TimeControl "180+1"]
[WhiteFideId "25957929"]
[BlackFideId "959995"]
[WhiteElo "2723"]
[BlackElo "2395"]
[WhiteTeam "IND"]
[BlackTeam "SRB"]
[WhiteClock "0:00:25"]
[BlackClock "0:00:11"]

1. e4 c6 2. d4 d5 3. e5 Bf5 4. h4 h5 5. c4 e6 6. Nc3 Ne7 7. cxd5 Nxd5 8. Nf3 Nd7 9. Bd3 Bg4 10. Nxd5 cxd5 11. Kf1 Be7 12. Qb3 Qb6 13. Bb5 Bd8 14. Ng5 Bxg5 15. Bxg5 Rc8 16. f3 Bf5 17. Be3 Bc2 18. Bxd7+ Kxd7 19. Qxb6 axb6 20. Ke2 Bf5 21. Rhc1 Rc6 22. Bd2 Rhc8 23. Bc3 Rc4 24. Kd2 b5 25. b3 R4c6 26. a3 b6 27. Ra2 Bb1 28. Ra1 Bf5 29. a4 b4 30. Bxb4 Rc2+ 31. Rxc2 Rxc2+ 32. Ke3 Rb2 33. Ra3 Bc2 34. Bf8 g6 35. b4 Rxb4 36. Bxb4 1-0

[Event "January 9 Late 2024"]
[Site "https://www.chess.com"]
[Date "2024.01.09"]
[Round "1"]
[White "Avalos Parra, Joao"]
[Black "Arabidze, Meri"]
[Result "0-1"]
[Board "131"]
[TimeControl "180+1"]
[WhiteFideId "3402541"]
[BlackFideId "13604040"]
[WhiteElo "2394"]
[BlackElo "2717"]
[WhiteTeam "CHI"]
[BlackTeam "GEO"]
[WhiteClock "0:00:04"]
[BlackClock "0:00:07"]

1. d4 Nf6 2. Nf3 b6 3. c4 Bb7 4. Nc3 g6 5. Bg5 Bg7 6. e3 d6 7. Be2 O-O 8. Qc2 Nbd7 9. Rd1 a6 10. h3 Qe8 11. O-O e5 12. dxe5 Nxe5 13. Nxe5 Qxe5 14. Bf4 Qe7 15. Nd5 Nxd5 16. cxd5 f5 17. Bf3 Kh8 18. Rc1 Rf7 19. Rfe1 a5 20. b3 Qf6 21. Bg3 Raf8 22. h4 Bc8 23. Qd2 h6 24. Rc4 g5 25. hxg5 hxg5 26. Rec1 Qd8 27. Bh5 Re7 28. Qc2 f4 29. exf4 Bf5 30. Qd2 b5 31. Rc6 gxf4 32. Bxf4 Bf6 33. Qxa5 Rh7 34. Bf3 Bd4 35. Rxc7 Qh4 36. Rxh7+ Bxh7 37. Bxd6 Bxf2+ 38. Kf1 Bd3+ 39. Be2 Qh1# 0-1

[Event "January 9 Late 2024"]
[Site "https://www.chess.com"]
[Date "2024.01.09"]
[Round "1"]
[White "Niekras, Dawid"]
[Black "Krzywda, Andrzej"]
[Result "1/2-1/2"]
[Board "132"]
[TimeControl "180+1"]
[WhiteFideId "1160451"]
[BlackFideId "1114565"]
[WhiteElo "2714"]
[BlackElo "2394"]
[WhiteTeam "POL"]
[BlackTeam "POL"]
[WhiteClock "0:00:05"]
[BlackClock "0:00:13"]

1. e4 e5 2. Nc3 Nf6 3. g3 d5 4. exd5 Nxd5 5. Bg2 Nxc3 6. bxc3 Nc6 7. d3 Bc5 8. Nf3 O-O 9. O-O Bb6 10. Re1 Qf6 11. a4 Bg4 12. h3 Bh5 13. g4 Bg6 14. Bg5 Qd6 15. Nd2 Qc5 16. Ne4 Bxe4 17. Bxe4 Qxf2+ 18. Kh1 Qg3 19. Qf3 Qxf3+ 20. Bxf3 Ba5 21. Ra3 f6 22. Be3 Rfd8 23. Rb1 Bb6 24. Bd2 a5 25. Kg2 Rab8 26. Rab3 Kf8 27. Rb5 Na7 28. R5b3 Nc8 29. h4 Rd6 30. Be1 Rd8 31. Rb5 Nd6 32. R5b3 Be3 33. c4 b6 34. Bd5 Rbc8 35. Kf3 Bc5 36. Be6 Ra8 37. g5 fxg5 38. hxg5 Ke7 39. Bh3 Rf8+ 40. Ke2 Nf5 41. c3 Kd6 42. Bg2 Rae8 43. Be4 g6 44. Kd2 Ng7 45. Bd5 Ne6 46. Be4 Nf4 47. Kc2 Ne6 48. Bd2 Rf2 49. Rh1 Nxg5 50. Rg1 Be3 51. Rd1 Nxe4 52. dxe4 Rxd2+ 53. Rxd2+ Bxd2 54. Kxd2 Rf8 55. Ke3 Rf1 56. Rb5 Ra1 57. Rd5+ Ke6 58. c5 Rxa4 59. cxb6 cxb6 60. Rb5 Rc4 61. Rxb6+ Ke7 62. Rb7+ Kf6 63. Kd3 Rc6 64. Rxh7 Ra6 65. Kc4 a4 66. Kb5 Ra8 67. Rh2 a3 68. Ra2 Kg5 69. c4 Kf4 70. c5 Kxe4 71. c6 g5 72. c7 g4 73. Rxa3 Rc8 74. Kc6 Kf4 75. Kd7 Rxc7+ 76. Kxc7 e4 77. Kd6 e3 78. Kd5 e2 79. Ra1 g3 80. Kd4 Kf3 81. Kd3 g2 82. Kd2 Kf2 83. Re1 g1=Q 84. Rxg1 Kxg1 85. Kxe2 1/2-1/2

[Event "January 9 Late 2024"]
[Site "https://www.chess.com"]
[Date "2024.01.09"]
[Round "1"]
[White "Jarocka, Liwia"]
[Black "Banzea, Alexandru-Bogdan"]
[Result "1-0"]
[Board "133"]
[TimeControl "180+1"]
[WhiteFideId "21807558"]
[BlackFideId "1232622"]
[WhiteElo "2390"]
[BlackElo "2712"]
[WhiteTeam "POL"]
[BlackTeam "ROU"]
[WhiteClock "0:00:49"]
[BlackClock "0:00:24"]

1. e4 c6 2. Nc3 d5 3. Nf3 dxe4 4. Nxe4 Nf6 5. Qe2 Nxe4 6. Qxe4 Be6 7. d4 Bd5 8. Qg4 Bxf3 9. gxf3 e6 10. c3 Nd7 11. Bd3 Nf6 12. Qh4 g6 13. Bg5 Be7 14. O-O-O Nd5 15. Bxe7 Qxe7 16. Qg3 O-O-O 17. Rhe1 Qf6 18. Kb1 h5 19. Be4 Nf4 20. h4 Rd7 21. Bc2 Rhd8 22. Re4 Nd5 23. Rde1 Ne7 24. Re5 Nf5 25. Bxf5 exf5 26. f4 b6 27. Qg5 Qxg5 28. fxg5 Kc7 29. f4 Rd5 30. Rxd5 cxd5 31. Kc2 Kd6 32. Kd3 Rc8 33. a4 a5 34. b3 Rb8 35. c4 Rd8 36. Re5 dxc4+ 37. bxc4 Rc8 38. Rb5 Re8 39. Rxb6+ Kc7 40. Rb5 Re4 41. Rxa5 Rxf4 42. Ra7+ Kd6 43. Rxf7 Rxh4 44. Rf6+ Ke7 45. Rxg6 Rh3+ 46. Kd2 Ra3 47. Rg7+ Ke6 48. d5+ Ke5 49. Re7+ Kd4 50. d6 Kxc4 51. Rc7+ Kd4 52. d7 Rd3+ 53. Ke2 1-0

[Event "January 9 Late 2024"]
[Site "https://www.chess.com"]
[Date "2024.01.09"]
[Round "1"]
[White "Martinez Ramirez, Lennis"]
[Black "Figorito, Nick"]
[Result "0-1"]
[Board "134"]
[TimeControl "180+1"]
[WhiteFideId "3509079"]
[BlackFideId "30923689"]
[WhiteElo "2712"]
[BlackElo "2387"]
[WhiteTeam "CUB"]
[BlackTeam "USA"]
[WhiteClock "0:00:02"]
[BlackClock "0:00:07"]

1. d4 Nf6 2. Nf3 g6 3. c4 Bg7 4. Nc3 d5 5. Qa4+ c6 6. cxd5 Nxd5 7. e4 Nxc3 8. bxc3 O-O 9. Ba3 Bg4 10. Be2 Re8 11. Rd1 e6 12. O-O Nd7 13. h3 Bxf3 14. Bxf3 Nb6 15. Qb3 Qc7 16. e5 Nd5 17. c4 Ne7 18. Rb1 b6 19. Bd6 Qd7 20. c5 b5 21. a4 a6 22. Ra1 Nd5 23. Ra2 Qb7 24. Rfa1 h5 25. axb5 axb5 26. h4 Bh6 27. g3 Bg7 28. Kg2 Bh6 29. Be4 Bg7 30. Kh3 Bh6 31. Bg2 Bg7 32. Ra5 Rxa5 33. Rxa5 Ra8 34. Qa2 Rxa5 35. Qxa5 b4 36. Bxd5 exd5 37. Qb6 Qd7+ 38. Kg2 Qf5 39. Qxb4 Qe4+ 40. Kh2 Qe2 41. Kg1 Qd1+ 42. Kg2 Qd3 43. Be7 Qe4+ 44. Kg1 Kh7 45. Bg5 Bh6 46. Qd2 Bxg5 47. hxg5 Qb1+ 48. Kg2 Qe4+ 49. f3 Qf5 50. Qf4 Qc2+ 51. Kh3 Kg8 52. e6 fxe6 53. Qc7 Qf5+ 54. Kh4 Qxf3 55. Qc8+ Kg7 56. Qd7+ Kg8 57. Qe8+ Kg7 58. Qd7+ Kh8 59. Qd8+ Kg7 60. Qc7+ Kh8 61. Qe5+ Kg8 62. Qxe6+ Kg7 63. Qe7+ Kg8 64. Qe8+ Kg7 65. Qd7+ Kg8 66. Qe6+ Kg7 67. Qe5+ Kg8 68. Qc7 Qh1# 0-1

[Event "January 9 Late 2024"]
[Site "https://www.chess.com"]
[Date "2024.01.09"]
[Round "1"]
[White "Paragua, Megan Althea"]
[Black "Adewumi, Tanitoluwa"]
[Result "0-1"]
[Board "135"]
[TimeControl "180+1"]
[WhiteFideId "30973007"]
[BlackFideId "30966396"]
[WhiteElo "2387"]
[BlackElo "2706"]
[WhiteTeam "USA"]
[BlackTeam "USA"]
[WhiteClock "0:00:00"]
[BlackClock "0:01:16"]

1. d4 Nf6 2. Nf3 e6 3. e3 b6 4. Be2 Bb7 5. O-O Be7 6. b3 O-O 7. Bb2 d5 8. Nbd2 Nbd7 9. c4 dxc4 10. bxc4 c5 11. Nb3 Rc8 12. Rc1 a5 13. a4 Bc6 14. Nbd2 cxd4 15. exd4 Bb4 16. Ne5 Nxe5 17. dxe5 Qxd2 18. Qb3 Ne4 19. Bf3 Qg5 20. Bxe4 Bxe4 21. f3 Bc6 22. Bd4 Rfd8 23. Bxb6 Rd2 24. g3 Qh5 25. h4 Qg6 26. g4 Qh6 27. Be3 Qxh4 28. Bxd2 Qg3+ 29. Kh1 Qh3+ 30. Kg1 Qg3+ 31. Kh1 Bxd2 32. Rc2 Bf4 33. Rg2 Qh3+ 34. Kg1 h6 35. Qd3 Bxe5 36. Qe3 Bd6 37. Qd4 Bd5 38. Qd2 Rxc4 39. Rff2 Bc5 0-1

[Event "January 9 Late 2024"]
[Site "https://www.chess.com"]
[Date "2024.01.09"]
[Round "1"]
[White "Rozman, Levy"]
[Black "Haszon, David"]
[Result "1-0"]
[Board "136"]
[TimeControl "180+1"]
[WhiteFideId "2039877"]
[BlackFideId "733610"]
[WhiteElo "2705"]
[BlackElo "2383"]
[WhiteTeam "USA"]
[BlackTeam "HUN"]
[WhiteClock "0:00:45"]
[BlackClock "0:00:00"]

1. d4 Nf6 2. Bg5 e6 3. Nd2 d5 4. e3 Be7 5. c3 O-O 6. Bd3 c5 7. f4 Nc6 8. Ngf3 h6 9. h4 Ng4 10. Bxe7 Qxe7 11. Qe2 c4 12. Bc2 f5 13. Ne5 Ncxe5 14. fxe5 Bd7 15. e4 dxe4 16. Nxc4 Bb5 17. b3 Bxc4 18. bxc4 Rac8 19. Bb3 h5 20. O-O-O a5 21. Kb1 Ra8 22. a4 Qa3 23. Kc2 Rac8 24. c5 f4 25. Bxe6+ Kh8 26. Ra1 Ne3+ 27. Kb1 f3 28. Qxe3 fxg2 29. Rc1 Rf1 30. Rxa3 1-0

[Event "January 9 Late 2024"]
[Site "https://www.chess.com"]
[Date "2024.01.09"]
[Round "1"]
[White "Bogaudinov, Rushan"]
[Black "Schmakel, Sam"]
[Result "1/2-1/2"]
[Board "137"]
[TimeControl "180+1"]
[WhiteFideId "4129288"]
[BlackFideId "2039311"]
[WhiteElo "2375"]
[BlackElo "2701"]
[WhiteTeam "RUS"]
[BlackTeam "USA"]
[WhiteClock "0:00:20"]
[BlackClock "0:00:05"]

1. d4 d5 2. Nf3 Bf5 3. e3 e6 4. Be2 Nf6 5. b3 h6 6. Bb2 c6 7. c4 Bb4+ 8. Nbd2 Nbd7 9. O-O O-O 10. a3 Bd6 11. b4 a5 12. b5 a4 13. Bc3 Qe7 14. Ne5 Ne4 15. Nxe4 Bxe4 16. Nxd7 Qxd7 17. c5 Be7 18. bxc6 bxc6 19. Bd3 f5 20. f3 Bxd3 21. Qxd3 Rfb8 22. Rab1 Qa7 23. Rb4 Rxb4 24. Bxb4 Bd8 25. e4 fxe4 26. fxe4 Ba5 27. Bxa5 Qxa5 28. exd5 exd5 29. Qg6 Qc7 30. Qe6+ Kh8 31. Rf7 Qa5 32. Qxc6 Rd8 33. h3 Qd2 34. Qc7 Qxd4+ 35. Kh2 Rg8 36. c6 Qc5 37. Qd7 d4 38. c7 d3 39. Qxd3 Qe5+ 40. Qg3 Qc5 41. Rd7 Kh7 42. Qd3+ Kh8 43. Qd5 Qc3 44. Qxg8+ Kxg8 45. Rd8+ Kh7 46. c8=Q Qe5+ 47. Kg1 Qe1+ 48. Kh2 Qe5+ 49. Kg1 Qe1+ 50. Kh2 Qe5+ 1/2-1/2

[Event "January 9 Late 2024"]
[Site "https://www.chess.com"]
[Date "2024.01.09"]
[Round "1"]
[White "Dyachuk, Artem"]
[Black "Koziol, Kamil"]
[Result "1-0"]
[Board "138"]
[TimeControl "180+1"]
[WhiteFideId "34107924"]
[BlackFideId "1161555"]
[WhiteElo "2696"]
[BlackElo "2374"]
[WhiteTeam "UKR"]
[BlackTeam "POL"]
[WhiteClock "0:00:04"]
[BlackClock "0:00:01"]

1. e4 c5 2. Nf3 e6 3. d4 cxd4 4. Nxd4 Nf6 5. Nc3 Nc6 6. Ndb5 Bb4 7. a3 Bxc3+ 8. Nxc3 d5 9. Bd3 O-O 10. O-O d4 11. Ne2 e5 12. Ng3 Be6 13. h3 Nd7 14. Kh2 a5 15. f4 exf4 16. Bxf4 Nde5 17. Qe2 Qh4 18. Rae1 Bg4 19. Qd2 h6 20. Kg1 Be6 21. Qf2 Rad8 22. Bd2 Nxd3 23. cxd3 Ne5 24. Bxa5 Nxd3 25. Bxd8 Rxd8 26. Qf3 Nxe1 27. Rxe1 d3 28. Rd1 d2 29. Qe3 Qg5 30. Qxg5 hxg5 31. Nf1 Rd4 32. Rxd2 Rxe4 33. Ng3 Re5 34. Rd4 Bd5 35. Kf2 g6 36. Rd3 Bc6 37. Re3 Rc5 38. Re2 Kg7 39. Rd2 Rc1 40. Ne2 Rb1 41. Nc3 Rc1 42. Ne2 Rb1 43. Nd4 Rc1 44. Nb3 Rc4 45. Na5 Rc5 46. b4 Rf5+ 47. Kg3 Bb5 48. Nxb7 Rf1 49. Nd6 Bc6 50. b5 Ba8 51. a4 Ra1 52. Rd4 Ra2 53. Ne4 f5 54. Nxg5 Rxg2+ 55. Kf4 Rf2+ 56. Ke5 Re2+ 57. Kd6 Kf6 58. h4 Rb2 59. Kc7 Bg2 60. b6 Rc2+ 61. Kb8 Ra2 62. Rb4 Ra1 63. b7 Bxb7 64. Kxb7 Ke5 65. Kb6 f4 66. a5 Kf5 67. a6 Ra3 68. a7 f3 69. Nxf3 1-0

[Event "January 9 Late 2024"]
[Site "https://www.chess.com"]
[Date "2024.01.09"]
[Round "1"]
[White "Gerbelli Neto, Eduardo"]
[Black "Leiva, Gianmarco"]
[Result "0-1"]
[Board "139"]
[TimeControl "180+1"]
[WhiteFideId "2103281"]
[BlackFideId "3804399"]
[WhiteElo "2373"]
[BlackElo "2692"]
[WhiteTeam "BRA"]
[BlackTeam "PER"]
[WhiteClock "0:00:57"]
[BlackClock "0:00:26"]

1. e4 c6 2. d4 d5 3. exd5 cxd5 4. c4 Nf6 5. Nc3 e6 6. Nf3 Bb4 7. cxd5 Nxd5 8. Qc2 Nc6 9. Bd3 Nf6 10. a3 Ba5 11. O-O O-O 12. Bg5 h6 13. Be3 Bd7 14. Ne5 Rc8 15. Qd2 Nxe5 16. dxe5 Nd5 17. Bxh6 Nxc3 18. Bg5 Ne4 19. Bxd8 Bxd2 20. Bxe4 Rfxd8 21. Rfd1 Bc6 22. Bxc6 Rxc6 23. Kf1 Rc4 24. f3 Rc5 25. f4 Rcd5 26. g3 g5 27. Ke2 gxf4 28. gxf4 Bxf4 0-1

[Event "January 9 Late 2024"]
[Site "https://www.chess.com"]
[Date "2024.01.09"]
[Round "1"]
[White "Sieciechowicz, Marcin"]
[Black "Sanchez Alvares, Kelvin Antonio"]
[Result "1-0"]
[Board "140"]
[TimeControl "180+1"]
[WhiteFideId "1130170"]
[BlackFideId "3906680"]
[WhiteElo "2689"]
[BlackElo "2371"]
[WhiteTeam "POL"]
[BlackTeam "VEN"]
[WhiteClock "0:00:03"]
[BlackClock "0:00:02"]

1. d4 d5 2. Bf4 Nf6 3. e3 c5 4. c3 Nc6 5. Nd2 Qb6 6. Qb3 c4 7. Qc2 Bg4 8. e4 e6 9. Be2 Bxe2 10. Nxe2 Be7 11. O-O O-O 12. e5 Nd7 13. b3 cxb3 14. axb3 a5 15. Be3 Qa6 16. c4 Nb4 17. Qb2 dxc4 18. bxc4 Nb6 19. d5 exd5 20. Bxb6 Qxb6 21. cxd5 Qa6 22. Nf4 Bg5 23. Nh3 Bh6 24. Ne4 Nxd5 25. Nd6 Ne7 26. f4 Nc6 27. Nf5 Nb4 28. Kh1 Rfd8 29. Qf2 Qe6 30. g4 b5 31. Ng1 Nd3 32. Qg2 Bxf4 33. Ne2 Bxe5 34. Neg3 Bf6 35. Nh5 Qd5 36. Qxd5 Rxd5 37. Nxf6+ gxf6 38. Ne7+ Kf8 39. Nxd5 b4 40. Nxf6 Nc5 41. Rfc1 Ne6 42. Nd7+ Ke7 43. Nb6 Ra6 44. Na4 Ra7 45. Nc5 Nd4 46. Re1+ Kd6 47. Ne4+ Kd5 48. Nd2 Kc5 49. Rec1+ Kd5 50. Rd1 a4 51. Nf3 b3 52. Nxd4 Kc4 53. Nxb3 Kxb3 54. Rdb1+ 1-0

[Event "January 9 Late 2024"]
[Site "https://www.chess.com"]
[Date "2024.01.09"]
[Round "1"]
[White "Albuquerque Junior,Wellington S."]
[Black "Manolache, Marius"]
[Result "0-1"]
[Board "141"]
[TimeControl "180+1"]
[WhiteFideId "2151480"]
[BlackFideId "1201530"]
[WhiteElo "2370"]
[BlackElo "2688"]
[WhiteTeam "BRA"]
[BlackTeam "ROU"]
[WhiteClock "0:00:09"]
[BlackClock "0:01:27"]

1. c4 e5 2. g3 Nc6 3. Bg2 g6 4. Nc3 Bg7 5. e4 Nge7 6. Nge2 O-O 7. O-O d6 8. d3 a6 9. h3 Rb8 10. a4 Bd7 11. Be3 Nd4 12. b4 b5 13. cxb5 axb5 14. a5 c5 15. bxc5 dxc5 16. a6 Ra8 17. Nd5 Nxd5 18. exd5 Qb6 19. Nc3 Rxa6 20. Rxa6 Qxa6 21. Ne4 Qb6 22. f4 Re8 23. Kh2 b4 24. Qc1 Rc8 25. fxe5 Bxe5 26. Ng5 Nf5 27. Bf4 Qd6 28. Ne4 Qb8 29. Nf6+ Bxf6 30. Bxb8 Rxb8 31. g4 Be5+ 32. Kg1 Ne3 33. Rf3 Bd4 34. Rxe3 Re8 35. Be4 b3 36. Kg2 b2 37. Qe1 Bxe3 38. Qxe3 b1=Q 39. Qxc5 Qb2+ 40. Kf3 Qf6+ 41. Kg2 Rb8 42. Qc7 Rb2+ 43. Kg3 Qf2# 0-1

[Event "January 9 Late 2024"]
[Site "https://www.chess.com"]
[Date "2024.01.09"]
[Round "1"]
[White "Llorente Zaro, Alfonso"]
[Black "Atanejhad, Sahebali"]
[Result "1-0"]
[Board "142"]
[TimeControl "180+1"]
[WhiteFideId "2254131"]
[BlackFideId "12506664"]
[WhiteElo "2687"]
[BlackElo "2369"]
[WhiteTeam "ESP"]
[BlackTeam "IRI"]
[WhiteClock "0:02:41"]
[BlackClock "0:02:20"]

1. e4 e5 2. Nf3 Nc6 3. Nc3 Nf6 4. h3 Bb4 5. Nd5 Bc5 6. c3 d6 7. d4 exd4 8. cxd4 Bb4+ 9. Nxb4 Nxb4 10. Qa4+ Nc6 11. d5 Bd7 12. dxc6 Bxc6 13. Bb5 O-O 14. Bxc6 bxc6 15. Qxc6 Nxe4 16. O-O Re8 17. Re1 d5 18. Bf4 Rc8 19. Rad1 1-0

[Event "January 9 Late 2024"]
[Site "https://www.chess.com"]
[Date "2024.01.09"]
[Round "1"]
[White "Prieto Aranguren, Alain"]
[Black "Niedbala, Bartlomiej"]
[Result "1-0"]
[Board "143"]
[TimeControl "180+1"]
[WhiteFideId "2268906"]
[BlackFideId "21834008"]
[WhiteElo "2369"]
[BlackElo "2679"]
[WhiteTeam "ESP"]
[BlackTeam "POL"]
[WhiteClock "0:00:17"]
[BlackClock "0:00:04"]

1. d4 Nf6 2. c4 e6 3. Nf3 d5 4. Nc3 a6 5. cxd5 exd5 6. Bg5 Be6 7. e3 Nbd7 8. Bd3 Bd6 9. O-O c6 10. Rc1 O-O 11. Ne2 a5 12. Bf4 Be7 13. Ng3 Re8 14. Nf5 Bf8 15. Nd6 Bxd6 16. Bxd6 Ne4 17. Bf4 Bg4 18. Qc2 Qf6 19. Ne5 Be6 20. f3 Nd6 21. Bxh7+ Kh8 22. Bd3 Nf8 23. Qf2 Nf5 24. g4 Ne7 25. g5 Qf5 26. Bxf5 Nxf5 27. e4 dxe4 28. fxe4 Nd6 29. Ng6+ fxg6 30. Bxd6 Nd7 31. Qh4+ Kg8 32. Rf4 Bxa2 33. Rcf1 Be6 34. R1f3 a4 35. Be5 Nxe5 36. dxe5 b5 37. Qf2 b4 38. Qc5 a3 39. bxa3 b3 40. Rf2 Rad8 41. Kg2 Rb8 42. Rb2 Rec8 43. Kg3 Rd8 44. Rf3 Rd1 45. a4 Ra8 46. a5 Rdd8 47. Qxc6 Re8 48. a6 Rac8 49. Qb5 Rb8 50. Qa4 Ra8 51. Rbxb3 Bxb3 52. Qxb3+ Kh7 53. Kg4 1-0

[Event "January 9 Late 2024"]
[Site "https://www.chess.com"]
[Date "2024.01.09"]
[Round "1"]
[White "Brodowski, Piotr"]
[Black "Zeneli, Klendi"]
[Result "0-1"]
[Board "144"]
[TimeControl "180+1"]
[WhiteFideId "1124480"]
[BlackFideId "4706609"]
[WhiteElo "2678"]
[BlackElo "2369"]
[WhiteTeam "POL"]
[BlackTeam "ALB"]
[WhiteClock "0:00:36"]
[BlackClock "0:00:21"]

1. d4 Nf6 2. g3 e6 3. Bg2 d5 4. c4 Be7 5. Nc3 dxc4 6. Nf3 c6 7. a4 Nbd7 8. O-O a5 9. e4 O-O 10. Qe2 Nb6 11. Rd1 Bb4 12. Ne5 Qe7 13. Bf4 Rd8 14. Nxc4 Nxc4 15. Qxc4 h6 16. Rac1 Bd7 17. Bc7 Rdc8 18. Bb6 Be8 19. h3 Ra6 20. Bc5 Bxc5 21. dxc5 Raa8 22. Rd6 Nd7 23. Rcd1 b6 24. cxb6 Nxb6 25. Qc5 Nd7 26. Qd4 Nf6 27. Qc5 Qb7 28. R1d2 Qb4 29. Qe5 Rab8 30. R6d4 Qb6 31. Qd6 c5 32. Qxb6 Rxb6 33. Rd6 Rcb8 34. Rxb6 Rxb6 35. e5 Nd7 36. f4 Rb4 37. Bf1 Kf8 38. Bb5 Ke7 39. Kf2 Nb6 40. Ke3 Bxb5 41. axb5 Nc4+ 42. Kd3 Nxd2 43. Kxd2 Rxb2+ 44. Kd3 Rb4 45. Ne4 Rxe4 46. Kxe4 a4 47. Kd3 Kd7 48. Kc3 Kc7 49. Kc4 Kb6 50. g4 a3 51. Kb3 Kxb5 52. Kxa3 Kc4 53. Kb2 Kd3 0-1

[Event "January 9 Late 2024"]
[Site "https://www.chess.com"]
[Date "2024.01.09"]
[Round "1"]
[White "Semenenko, Dmytry"]
[Black "Skvortsov, Andrei"]
[Result "0-1"]
[Board "145"]
[TimeControl "180+1"]
[WhiteFideId "14118645"]
[BlackFideId "24108600"]
[WhiteElo "2364"]
[BlackElo "2676"]
[WhiteTeam "UKR"]
[BlackTeam "MNE"]
[WhiteClock "0:00:00"]
[BlackClock "0:00:43"]

1. Nf3 g6 2. c4 Bg7 3. d4 e6 4. Nc3 Ne7 5. e4 d5 6. Be2 O-O 7. O-O Nbc6 8. e5 a5 9. Bg5 h6 10. Bf6 dxc4 11. Bxc4 Bxf6 12. exf6 Nf5 13. d5 exd5 14. Nxd5 Be6 15. Qd2 Bxd5 16. Bxd5 Qxf6 17. g4 Nfe7 18. Be4 Qg7 19. Qf4 Rac8 20. Rad1 g5 21. Qe3 Qxb2 22. h4 Qf6 23. hxg5 hxg5 24. Nxg5 Ng6 25. f4 Rce8 26. Qh3 Qg7 27. f5 Nf4 28. Rxf4 Qxg5 29. f6 Rxe4 30. Rxe4 Qxf6 31. Rf1 Qg6 32. Rf5 Rd8 33. Ref4 Nd4 34. Rf6 Ne2+ 35. Kf2 Qc2 36. Qe3 Nxf4+ 37. Kf3 Rd3 0-1

[Event "January 9 Late 2024"]
[Site "https://www.chess.com"]
[Date "2024.01.09"]
[Round "1"]
[White "Lewtak, Damian"]
[Black "Luukkonen, Tommi"]
[Result "1-0"]
[Board "146"]
[TimeControl "180+1"]
[WhiteFideId "1141724"]
[BlackFideId "501808"]
[WhiteElo "2675"]
[BlackElo "2362"]
[WhiteTeam "POL"]
[BlackTeam "FIN"]
[WhiteClock "0:00:09"]
[BlackClock "0:00:00"]

1. e4 c6 2. Nf3 d5 3. d3 g6 4. h3 Bg7 5. Be2 e5 6. O-O Ne7 7. Re1 O-O 8. c3 a5 9. a4 h6 10. Na3 f5 11. Be3 d4 12. cxd4 exd4 13. Bd2 fxe4 14. dxe4 Na6 15. Qc1 Kh7 16. Nc4 Nb4 17. Bxb4 axb4 18. Nfd2 d3 19. Bf1 Qd4 20. Nf3 Rxf3 21. gxf3 b5 22. Nd2 bxa4 23. Rb1 Be6 24. f4 a3 25. bxa3 bxa3 26. Nf3 d2 27. Nxd2 a2 28. Ra1 Qxa1 29. Qxa1 Bxa1 30. Rxa1 Rb8 31. Kg2 Rb4 32. Kf3 c5 33. Ke3 Nc6 34. Kd3 Nd4 35. Kc3 Nf3 36. Bc4 Nxd2 37. Bxe6 Nxe4+ 38. Kc2 Nxf2 39. Rxa2 Rxf4 40. Ra7+ Kh8 41. Kd2 Rf6 42. Bc4 Ne4+ 43. Ke3 Ng5 44. h4 Ne6 45. Ra6 g5 46. hxg5 hxg5 47. Bxe6 Kg7 48. Ra7+ Kg6 49. Bd5 Rd6 50. Be4+ Kf6 51. Rc7 Rb6 52. Rxc5 Rb3+ 53. Bd3 Rb4 54. Rf5+ Ke6 55. Rxg5 Kd6 56. Be4 Rb3+ 57. Kf4 Rb4 58. Rg6+ Ke7 59. Ke5 Rb5+ 60. Bd5 Rb2 61. Rg7+ Kf8 62. Ra7 Re2+ 63. Kd6 Re1 64. Rf7+ Ke8 65. Rf2 Rd1 66. Rg2 Rf1 67. Rg3 Rf2 68. Re3+ Kf8 69. Rg3 Ke8 70. Ra3 Kf8 71. Ra7 Rf1 72. Rc7 Rf2 73. Bc4 Rf3 74. Ke6 Re3+ 75. Kf5 Rf3+ 76. Ke4 Rf2 77. Bd5 Rf1 78. Ke5 Re1+ 79. Kd6 Rf1 80. Rh7 Rg1 81. Rf7+ 1-0

[Event "January 9 Late 2024"]
[Site "https://www.chess.com"]
[Date "2024.01.09"]
[Round "1"]
[White "Bernat, David"]
[Black "Lund, Gunnar"]
[Result "0-1"]
[Board "147"]
[TimeControl "180+1"]
[WhiteFideId "2099225"]
[BlackFideId "1520814"]
[WhiteElo "2361"]
[BlackElo "2675"]
[WhiteTeam "USA"]
[BlackTeam "NOR"]
[WhiteClock "0:00:03"]
[BlackClock "0:00:17"]

1. c4 e6 2. e4 d5 3. cxd5 exd5 4. exd5 Nf6 5. Bb5+ Bd7 6. Bc4 Be7 7. Nf3 Bg4 8. Nc3 O-O 9. h3 Bh5 10. g4 Bg6 11. O-O Nbd7 12. Re1 Nb6 13. Bb3 Re8 14. d4 Nfxd5 15. Ne5 a5 16. Qf3 c6 17. Bd2 a4 18. Bxd5 Nxd5 19. Nxd5 Qxd5 20. Qxd5 cxd5 21. Rac1 Bd6 22. Nxg6 hxg6 23. Kg2 f6 24. Re3 Kf7 25. Rce1 Rxe3 26. Rxe3 Rc8 27. Rc3 Re8 28. Be3 Ke6 29. b3 Ra8 30. bxa4 Rxa4 31. Rb3 Ra7 32. a4 Kd7 33. Kf3 Bc7 34. Rb5 Ke6 35. Bd2 Bd6 36. Bb4 Bxb4 37. Rxb4 Kd6 38. Kf4 Kc6 39. h4 Ra8 40. h5 gxh5 41. gxh5 Re8 42. Kf5 Re4 43. Kg6 Rg4+ 44. Kf7 Rg5 45. a5 Rxh5 46. Kxg7 Rf5 47. Kg6 Rxf2 48. Rb6+ Kc7 49. Rxf6 Ra2 50. Rf7+ Kc6 51. Rf6+ Kb5 52. Rb6+ Kc4 53. Rxb7 Rxa5 54. Kf5 Kxd4 55. Ke6 Ra6+ 56. Kf5 Ra1 57. Ke6 Ke4 58. Rb5 d4 59. Re5+ Kd3 60. Rd5 Re1+ 61. Kf5 Kc3 62. Rc5+ Kd2 63. Kf4 d3 64. Kf3 Rf1+ 65. Ke4 Rf8 66. Rd5 Re8+ 67. Kf3 Kc2 68. Rc5+ Kd1 69. Rd5 d2 70. Kf2 Rf8+ 71. Ke3 Ke1 72. Rh5 Re8+ 73. Kf4 d1=Q 0-1

[Event "January 9 Late 2024"]
[Site "https://www.chess.com"]
[Date "2024.01.09"]
[Round "1"]
[White "Cremisi, Daniel"]
[Black "Ward, Ieuan C"]
[Result "1-0"]
[Board "148"]
[TimeControl "180+1"]
[WhiteFideId "2089882"]
[BlackFideId "406627"]
[WhiteElo "2675"]
[BlackElo "2359"]
[WhiteTeam "USA"]
[BlackTeam "ENG"]
[WhiteClock "0:02:32"]
[BlackClock "0:01:41"]

1. d4 Nf6 2. c4 e6 3. Nf3 b6 4. g3 Bb7 5. Bg2 Be7 6. O-O O-O 7. Nc3 Ne4 8. Qc2 Nxc3 9. bxc3 d6 10. Ng5 Bxg5 11. Bxb7 Bxc1 12. Raxc1 Nd7 13. Bxa8 Qxa8 14. e4 c5 15. Rfd1 Nf6 16. dxc5 dxc5 17. e5 Ng4 18. Qe2 Nh6 19. Rd7 Qc6 20. Rcd1 a6 21. Rd8 Nf5 22. Rxf8+ Kxf8 23. Rd8+ Ke7 24. Qd2 g6 25. Qg5+ 1-0

[Event "January 9 Late 2024"]
[Site "https://www.chess.com"]
[Date "2024.01.09"]
[Round "1"]
[White "Hoffmann, Asa"]
[Black "Hua, Lefong"]
[Result "1-0"]
[Board "149"]
[TimeControl "180+1"]
[WhiteFideId "2001470"]
[BlackFideId "2602253"]
[WhiteElo "2358"]
[BlackElo "2675"]
[WhiteTeam "USA"]
[BlackTeam "CAN"]
[WhiteClock "0:00:05"]
[BlackClock "0:00:17"]

1. d4 Nf6 2. Bg5 g6 3. Nc3 d5 4. f3 Bg7 5. e4 dxe4 6. fxe4 O-O 7. Nf3 Bg4 8. Qd2 Nc6 9. O-O-O Bxf3 10. gxf3 e5 11. d5 Nd4 12. Bg2 Qd7 13. h4 Nh5 14. Bh6 Bxh6 15. Qxh6 Nf4 16. Bf1 f6 17. Rxd4 exd4 18. Nb5 Nh5 19. Nxd4 Rfe8 20. Rg1 Qg7 21. Qd2 Rad8 22. Be2 c5 23. dxc6 f5 24. c3 fxe4 25. fxe4 Nf6 26. Bc4+ Kh8 27. Qf4 Rxe4 28. Qf3 Rde8 29. cxb7 Nd7 30. h5 Qh6+ 31. Kc2 Qf4 32. Qxf4 Rxf4 33. Bb5 Rb8 34. Bxd7 Rxb7 35. Bc6 Rb6 36. hxg6 Rxd4 37. cxd4 Rxc6+ 38. Kd3 hxg6 39. d5 Rb6 40. b3 Kg7 41. Kd4 Kf6 42. Kc5 Ra6 43. a4 Ke7 44. Rg5 Rf6 45. Re5+ Kd7 46. b4 Rf1 47. b5 Rc1+ 48. Kb4 Kd6 49. Rg5 Rb1+ 50. Ka5 Ra1 51. Rxg6+ Kxd5 52. Rg7 Kd6 53. Rxa7 Rh1 54. Kb6 Rh8 55. Rc7 Ra8 56. a5 Rb8+ 57. Rb7 Rh8 58. a6 Rh1 59. a7 Ra1 60. Rb8 Kd7 61. a8=Q 1-0